 Dungeon Crawl Stone Soup version 0.23.2-30-g0e89c35649 (webtiles) character file.

Game seed: 1278581539037789303

6594 Folque the Destroyer (level 11, -1/96 HPs)
             Began as an Octopode Wizard on June 9, 2019.
             Was a Priest of Sif Muna.
             Killed by divine providence
             ... invoked by an orc priest
              (8 damage)
             ... on level 9 of the Dungeon on June 18, 2019.
             The game lasted 01:04:22 (11716 turns).

Folque the Destroyer (Octopode Wizard)             Turns: 11716, Time: 01:04:23

Health: -1/96      AC: 25    Str:  6    XL:     11   Next: 2%
Magic:  17/20      EV:  2    Int: 28    God:    Sif Muna [***...]
Gold:   332        SH:  0    Dex: 12    Spells: 7/22 levels left

rFire    . . .     SeeInvis .   d - +4 hunting sling (flame)
rCold    . . .     Gourm    .   (no shield)
rNeg     + + +     Faith    .   (helmet currently unavailable)
rPois    +         Spirit   .   (no amulet)
rElec    .         Reflect  .   r - ring of wizardry
rCorr    .         Harm     .   (no ring)
MR       .....     NoTele   +   (no ring)
Stlth    ++........             (no ring)
HPRegen  0.26/turn              (no ring)
MPRegen  0.17/turn              (no ring)
                                (no ring)
                                (no ring)

@: brilliant, tree-form, divine energy
A: almost no armour, stealthy swim, (amphibious), 8 rings, (constrict 8)
a: Stop Divine Energy, Channel Magic, Renounce Religion


You were on level 9 of the Dungeon.
You worshipped Sif Muna.
Sif Muna was most pleased with you.
You were very hungry.
You were a tree.
You visited 2 branches of the dungeon, and saw 10 of its levels.

You collected 332 gold pieces.

Inventory:

Hand Weapons
 d - a +4 hunting sling of flaming (weapon)
 e - a +0 whip
 i - a +2 dagger of protection
 k - a +0 short sword
 l - a +1 dagger of draining
 q - a +1 whip of freezing
 v - a +0 rapier
 A - a cursed +0 falchion
Missiles
 g - 16 tomahawks
 z - a throwing net
 D - 29 sling bullets (quivered)
Armour
 a - a +0 hat (melded)
 M - a +0 buckler
Magical Staves
 G - an uncursed staff of wizardry {unknown}
 J - an uncursed staff of fire
Jewellery
 r - a ring of wizardry (left branch)
 w - an uncursed amulet of rage {unknown}
 x - an uncursed amulet of the gourmand {unknown}
 y - an uncursed ring of stealth {unknown}
 B - an uncursed ring of protection from cold {unknown}
Wands
 p - a wand of polymorph (4)
 F - a wand of clouds (3)
 I - a wand of digging (3)
 L - a wand of acid (7)
 N - a wand of flame (10)
Scrolls
 b - 4 scrolls of magic mapping
 f - a scroll of enchant weapon {unknown}
 h - 6 scrolls of teleportation {unknown}
 j - 5 scrolls of identify
 m - a scroll of immolation {unknown}
 n - 4 scrolls of remove curse
 t - a scroll of enchant armour {unknown}
 C - 4 scrolls of random uselessness {unknown}
 H - a scroll of blinking {unknown}
 K - a scroll of vulnerability {unknown}
 Q - a scroll of fear {unknown}
Potions
 o - a potion of might
 s - a potion of haste {unknown}
 u - a potion of magic {unknown}
 E - a potion of lignification
Comestibles
 c - 10 rations
 P - 3 chunks of flesh


   Skills:
 - Level 2.0 Fighting
 + Level 7.0 Slings
 - Level 5.0 Dodging
 - Level 2.6 Stealth
 * Level 2.9 Shields
 - Level 6.0 Spellcasting
 + Level 8.2 Conjurations
 - Level 3.2 Summonings
 - Level 1.0 Translocations
 - Level 1.3 Fire Magic
 * Level 3.7 Ice Magic
 - Level 2.0 Air Magic
 - Level 2.2 Poison Magic
 - Level 7.0 Invocations


You had 7 spell levels left.
You knew the following spells:

 Your Spells              Type           Power        Failure   Level  Hunger
a - Magic Dart            Conj           ####         1%          1    None
b - Call Imp              Summ           #####...     1%          2    None
c - Blink                 Tloc           N/A          1%          2    None
d - Mephitic Cloud        Conj/Pois/Air  #####...     1%          3    None
e - Conjure Flame         Conj/Fire      ######..     1%          3    None
f - Throw Icicle          Conj/Ice       ######..     1%          4    ###....

Your spell library contained the following spells:

 Spells                   Type           Power        Failure   Level  Hunger
 Confusing Touch          Hex            ####..       1%          1    None
 Freeze                   Ice            ####         1%          1    None
 Slow                     Hex            ####....     1%          2    None
 Throw Frost              Conj/Ice       ######       1%          2    None
 Gell's Gravitas          Tloc           ####......   1%          3    None
 Ozocubu's Armour         Chrm/Ice       #####...     1%          3    None
 Summon Ice Beast         Ice/Summ       #####...     1%          4    ###....
 Confuse                  Hex            ####....     2%          3    None
 Petrify                  Tmut/Erth      ####....     7%          4    ###....
 Metabolic Englaciation   Hex/Ice        #####.....   9%          5    #####..
 Yara's Violent Unravell  Hex/Tmut       ####......   17%         5    #####..


Dungeon Overview and Level Annotations

Branches:
Dungeon (9/15)             Temple (1/1) D:5            Lair (0/6) D:8
    Orc: D:9-12

Altars:
Ashenzari
Cheibriados
Dithmenos
Elyvilon
Fedhas
Gozag
Hepliaklqana
Kikubaaqudgha
Makhleb
Nemelex Xobeh
Okawaru
Qazlal
Ru
Sif Muna
Trog
Uskayaw
Vehumet
Wu Jian
Xom
Yredelemnul
Zin
The Shining One

Shops:
D:6 *


Innate Abilities, Weirdness & Mutations

You cannot wear most types of armour.
You are very stealthy in the water. (Stealth+)
((You are amphibious.))
You can wear up to eight rings at the same time.
((You can use your tentacles to constrict eight enemies at once.))
((Your skin changes colour to match your surroundings (Stealth+).))
((Your rubbery body absorbs attacks. (AC +1, EV +1)))


Message History

The fire ignites!
Your crimson imp hits the orc priest.
The orc priest invokes the aid of Beogh against you.
Beogh smites you!
* * * LOW HITPOINT WARNING * * *
The orc priest looks encouraged for a moment.
The orc priest closely misses your crimson imp.
It was a potion of lignification.
You turn into a tree.
Your +0 hat melds into your body.
Your roots penetrate the ground.
Your crimson imp barely misses the orc priest.
The orc priest hits your crimson imp but does no damage.
The orc priest invokes the aid of Beogh against you.
Beogh smites you!
* * * LOW HITPOINT WARNING * * *
The orc priest barely misses your crimson imp.
It was a potion of brilliance.
You feel clever all of a sudden.
Your crimson imp barely misses the orc priest.
The orc priest mumbles some strange prayers to Beogh against you.
Beogh smites you!
You die...

# ⌠..8... # ...'..######### #
.8).......... ######### #
........>.. #.......#
#######.#o)....... #.......#
#..#...##.o### #.......#
.....<.###o5.#### #.......#
.(.....# ###.§[.######.....<.#
.......# ####[♣))..........#
.......# #########..........#
.......####...).[....#....[..#
.....)÷.....#######..........#
....)..###......# #.#.########
##.#..## ######.###.#...#
.#.....# #.##..###.#
....#..########....## #.#
##...(.........###.## #.###


You could see 3 orc priests and a friendly crimson imp.

Vanquished Creatures
  A two-headed ogre (D:8)
  Joseph (D:7)
  A troll (D:8)
  2 hornets
  2 hippogriffs
  Grum (D:9)
  2 water moccasins
  An acid dragon (D:9)
  2 ice beasts
  6 orc warriors
  8 ogres
  A necrophage (D:8)
  4 sky beasts
  An eye of draining (D:8)
  A centaur (D:8)
  2 wolves (D:9)
  A big kobold (D:9)
  A bullfrog (D:6)
  3 scorpions
  2 howler monkeys
  3 electric eels (D:8)
  2 crimson imps
  2 quasits
  2 bullfrog zombies
  9 hounds
  3 jellies
  A bullfrog skeleton (D:5)
  2 centaur skeletons
  An iguana (D:8)
  2 orc wizards
  10 worker ants
  2 hound zombies
  2 worker ant zombies
  4 gnolls (D:4)
  A howler monkey skeleton (D:4)
  10 adders
  2 shadow imps
  3 oozes
  2 adder skeletons
  An adder zombie (D:5)
  2 worms
  5 dart slugs
  7 leopard geckos
  29 orcs
  5 giant cockroaches
  8 goblins
  9 hobgoblins
  3 quokkas
  A ball python (D:4)
  11 bats
  3 frilled lizards
  A jackal skeleton (D:4)
  A jackal zombie (D:9)
  11 kobolds
  12 rats
215 creatures vanquished.

Vanquished Creatures (collateral kills)
  An ogre (D:4)
  A wolf (D:9)
  A hound (D:4)
  A centaur skeleton (D:4)
  An iguana (D:4)
  An orc wizard (D:9)
  A worker ant (D:2)
  A hound zombie (D:9)
  3 gnolls (D:4)
  3 adders
  An ooze (D:2)
  An adder zombie (D:5)
  A worm (D:5)
  A leopard gecko (D:5)
  6 orcs
  A giant cockroach (D:4)
  2 jackals (D:5)
  A ball python (D:2)
  A bat (D:2)
  A frilled lizard (D:3)
  A kobold (D:2)
31 creatures vanquished.

Vanquished Creatures (others)
  2 electric eels (D:8)
2 creatures vanquished.

Grand Total: 248 creatures vanquished

Notes
Turn   | Place    | Note
-------+----------+-------------------------------------------
     0 | D:1      | Folque the Octopode Wizard began the quest for the Orb.
     0 | D:1      | Reached XP level 1. HP: 11/11 MP: 4/4
   188 | D:1      | Reached skill level 1 in Fighting
   188 | D:1      | Reached XP level 2. HP: 15/18 MP: 6/6
   195 | D:1      | Learned a level 2 spell: Call Imp
   198 | D:1      | Learned a level 2 spell: Blink
   609 | D:1      | Reached XP level 3. HP: 20/24 MP: 7/7
   617 | D:1      | Learned a level 3 spell: Mephitic Cloud
   957 | D:2      | Reached XP level 4. HP: 28/29 MP: 2/9
   984 | D:2      | Found a shattered altar of Ashenzari.
   998 | D:2      | Reached skill level 2 in Conjurations
  1251 | D:2      | Reached skill level 1 in Poison Magic
  1806 | D:3      | You fall through a shaft for 3 floors!
  1822 | D:6      | Reached XP level 5. HP: 24/34 MP: 3/10
  1877 | D:5      | Entered Level 5 of the Dungeon
  1886 | D:5      | Noticed a sky beast
  1894 | D:5      | Found a radiant altar of Vehumet.
  1908 | D:5      | Killed a sky beast
  1908 | D:5      | Reached skill level 1 in Air Magic
  1976 | D:5      | Reached XP level 6. HP: 38/39 MP: 7/12
  2029 | D:5      | Learned a level 3 spell: Conjure Flame
  2147 | D:5      | Found a staircase to the Ecumenical Temple.
  2166 | Temple   | Entered the Ecumenical Temple
  2206 | Temple   | Became a worshipper of Sif Muna the Loreminder
  2317 | D:5      | Reached skill level 3 in Conjurations
  2602 | D:4      | Reached skill level 1 in Fire Magic
  2771 | D:4      | Reached XP level 7. HP: 41/45 MP: 0/13
  3147 | D:3      | Found a white marble altar of Elyvilon.
  3203 | D:3      | Reached * piety under Sif Muna
  3468 | D:3      | Found a basalt altar of Yredelemnul.
  3620 | D:4      | Found an ancient bone altar of Kikubaaqudgha.
  3620 | D:4      | Found a shattered altar of Ashenzari.
  3630 | D:4      | Reached skill level 4 in Conjurations
  3837 | D:4      | Reached skill level 1 in Invocations
  3956 | D:4      | Reached XP level 8. HP: 38/50 MP: 0/15
  4545 | D:5      | Reached skill level 5 in Spellcasting
  4742 | D:5      | Reached skill level 5 in Conjurations
  4822 | D:5      | Noticed a hippogriff
  4839 | D:5      | Killed a hippogriff
  5083 | D:5      | Reached ** piety under Sif Muna
  5201 | D:5      | Found a shimmering altar of Xom.
  5203 | D:5      | Found a hide-covered altar of Uskayaw.
  5203 | D:5      | Found an opulent altar of Gozag.
  5205 | D:5      | Found a blossoming altar of Fedhas.
  5205 | D:5      | Found a hazy altar of Hepliaklqana.
  5205 | D:5      | Found a sacrificial altar of Ru.
  5679 | D:6      | Reached XP level 9. HP: 12/54 MP: 1/17
  6022 | D:6      | Found Duywot's Assorted Antiques.
  6421 | D:7      | Noticed Joseph
  6686 | D:7      | Killed Joseph
  6686 | D:7      | Reached skill level 5 in Dodging
  6686 | D:7      | Reached skill level 6 in Conjurations
  6986 | D:7      | Reached skill level 1 in Slings
  7091 | D:7      | Noticed a hornet
  7102 | D:7      | Reached skill level 5 in Invocations
  7183 | D:7      | Killed a hornet
  8162 | D:8      | Reached skill level 7 in Conjurations
  8443 | D:8      | Reached XP level 10. HP: 45/60 MP: 12/19
  8497 | D:8      | Noticed a two-headed ogre
  8507 | D:8      | Reached skill level 5 in Slings
  8739 | D:8      | Killed a two-headed ogre
  9169 | D:8      | Learned a level 4 spell: Throw Icicle
  9250 | D:8      | Reached *** piety under Sif Muna
  9361 | D:8      | Reached skill level 1 in Ice Magic
  9525 | D:8      | Found a staircase to the Lair.
  9882 | D:9      | Noticed Grum
 10688 | D:9      | Killed Grum
 10688 | D:9      | Reached skill level 1 in Shields
 10688 | D:9      | Reached skill level 8 in Conjurations
 10980 | D:9      | Found an opulent altar of Gozag.
 11509 | D:9      | Reached XP level 11. HP: 41/64 MP: 4/20
 11716 | D:9      | Killed from afar by an orc priest

Skill      XL: |  1  2  3  4  5  6  7  8  9 10 11 |
---------------+----------------------------------+-----
Fighting       | 1 2 |  2.0
Conjurations   | 2 3 4 5 7 8 |  8.2
Poison Magic   | 2 |  2.2
Spellcasting   | 4 5 6 |  6.0
Air Magic      | 1 2 |  2.0
Summonings     | 2 3 |  3.2
Fire Magic     | 1 |  1.3
Invocations    | 1 4 6 7 |  7.0
Dodging        | 4 5 |  5.0
Slings         | 4 6 7 |  7.0
Ice Magic      | 3 |  3.7
Shields        | 2 |  2.9
Stealth        | |  2.6
Translocations | |  1.0

Action                   |  1- 3 |  4- 6 |  7- 9 | 10-12 || total
-------------------------+-------+-------+-------+-------++-------
Melee: Unarmed           |     5 |       |       |       ||     5
       Whip              |    44 |       |   246 |    76 ||   366
       Constrict         |    13 |    22 |    58 |    21 ||   114
       Tentacles         |     9 |    10 |    41 |    12 ||    72
       Short sword       |     7 |    96 |       |       ||   103
       Dagger            |       |       |     1 |       ||     1
       Staff             |       |       |     2 |       ||     2
 Fire: Hunting sling     |       |       |     8 |    55 ||    63
Throw: Throwing net      |       |     1 |       |       ||     1
       Tomahawk          |       |       |     2 |     1 ||     3
 Cast: Magic Dart        |    21 |    18 |   114 |    66 ||   219
       Call Imp          |     4 |    12 |    18 |    20 ||    54
       Mephitic Cloud    |       |    12 |    28 |    32 ||    72
       Blink             |       |     4 |    10 |     5 ||    19
       Conjure Flame     |       |     1 |    31 |    14 ||    46
       Throw Icicle      |       |       |       |    24 ||    24
Invok: Divine Energy     |       |       |     1 |       ||     1
Evoke: Wand              |       |       |     1 |       ||     1
  Use: Scroll            |       |       |     4 |       ||     4
       Potion            |       |       |     1 |     2 ||     3
 Stab: Sleeping          |     8 |     3 |    13 |       ||    24
       Confused          |       |     2 |    13 |     4 ||    19
       Distracted        |       |     1 |     1 |       ||     2
       Held in net/web   |       |     2 |       |       ||     2
  Eat: Chunk             |       |     7 |    16 |    12 ||    35
       Ration            |       |       |     1 |       ||     1
Armor: Skin              |     5 |     9 |    15 |     1 ||    30
Dodge: Dodged            |    35 |    73 |   146 |    62 ||   316
